[ AOE2 MATCH · #467766642 ]
Team RMSpanish vs Franks
[ REPLAY ANALYSIS · EXTRACTED FROM THE RECORDED GAME ]
Feudal
16:27
Castle
20:47
Imperial
36:25
| APM avg | 24.3 |
| APM peak | 51 |
| eAPM avg | 15.1 |
| Villagers / military | 100 / 20 |
Focus
⚔️ 16.0% · 🌾 84.0%
Conquistador ×15 · Fishing Ship ×8 · Monk ×3 · Battering Ram ×1 · Missionary ×1
Feudal
16:23
Castle
26:17
Imperial
—
| APM avg | 19.4 |
| APM peak | 55 |
| eAPM avg | 8.0 |
| Villagers / military | 45 / 18 |
Focus
⚔️ 20.0% · 🌾 80.0%
Fishing Ship ×9 · Scout Cavalry ×8 · Knight ×7 · Fire Galley ×2 · Monk ×1
Feudal
14:35
Castle
20:53
Imperial
37:18
| APM avg | 34.8 |
| APM peak | 74 |
| eAPM avg | 15.1 |
| Villagers / military | 63 / 10 |
Focus
⚔️ 17.6% · 🌾 82.4%
Unknown (2550) ×40 · Fishing Ship ×27 · Demolition Raft ×10 · Trade Cart ×2
Feudal
18:09
Castle
—
Imperial
—
| APM avg | 14.8 |
| APM peak | 31 |
| eAPM avg | 7.7 |
| Villagers / military | 52 / 23 |
Focus
⚔️ 17.7% · 🌾 82.3%
Scout Cavalry ×7 · Spearman ×6 · Skirmisher ×6 · Militia ×4
Feudal
15:11
Castle
23:37
Imperial
—
| APM avg | 17.9 |
| APM peak | 39 |
| eAPM avg | 10.5 |
| Villagers / military | 86 / 26 |
Focus
⚔️ 19.1% · 🌾 80.9%
Longboat ×24 · Fishing Ship ×14 · Monk ×2
Feudal
16:32
Castle
26:08
Imperial
—
| APM avg | 23.3 |
| APM peak | 53 |
| eAPM avg | 11.4 |
| Villagers / military | 70 / 56 |
Focus
⚔️ 16.9% · 🌾 83.1%
Archer ×48 · Spearman ×6 · Militia ×2
Feudal
17:36
Castle
26:24
Imperial
—
| APM avg | 11.3 |
| APM peak | 20 |
| eAPM avg | 6.4 |
| Villagers / military | 40 / 16 |
Focus
⚔️ 24.9% · 🌾 75.1%
Knight ×13 · Fishing Ship ×4 · Fire Galley ×2 · Scout Cavalry ×1 · Unknown (2626) ×1
Feudal
17:19
Castle
26:34
Imperial
—
| APM avg | 21.3 |
| APM peak | 55 |
| eAPM avg | 10.4 |
| Villagers / military | 113 / 5 |
Focus
⚔️ 11.1% · 🌾 88.9%
Fishing Ship ×33 · Demolition Raft ×5 · Trade Cart ×5
Match map
Initial resources + every placement click. Lines = walls · curves = elevation contours. ◆ gold · ⬟ stone · ● berries · ✦ relic · ◌ wall gap
Your base· Open — unwalled flank
pipe4ndres's base· Open — 14t gap
Broeerrr's base· Open — 8t gap
T man's base· Open — unwalled flank
Sleevy's base· Open — unwalled flank
eLeMBi's base· Open — 8t gap
ig._1234321's base· Open — 12t gap
aleee_026's base· Open — 15t gap
Smoothed initial terrain · ◌ = detected wall gap · hover for details
Inputs per minute
— Aghur III - - pipe4ndres
Build order — Aghur III
First 150 of 238 actions detected
| 0:31 | Build | House |
| 0:43 | Build | Town Center |
| 1:39 | Build | Dock |
| 3:12 | Create | Villager (Male) |
| 3:12 | Create | Villager (Male) |
| 3:12 | Create | Villager (Male) |
| 3:13 | Create | Villager (Male) |
| 3:45 | Research | Loom |
| 4:13 | Create | Fishing Ship |
| 4:32 | Create | Villager (Male) |
| 4:35 | Research | Loom |
| 4:44 | Build | House |
| 5:29 | Create | Fishing Ship |
| 5:43 | Create | Villager (Male) |
| 6:26 | Create | Villager (Male) |
| 6:28 | Create | Fishing Ship |
| 6:34 | Build | House |
| 6:37 | Create | Villager (Male) |
| 6:59 | Create | Villager (Male) |
| 7:07 | Create | Fishing Ship |
| 7:51 | Create | Villager (Male) |
| 8:00 | Build | House |
| 8:02 | Build | House |
| 8:27 | Create | Villager (Male) |
| 8:27 | Create | Villager (Male) |
| 8:27 | Create | Villager (Male) |
| 8:53 | Create | Villager (Male) |
| 8:54 | Create | Fishing Ship |
| 8:54 | Create | Fishing Ship |
| 9:08 | Create | Fishing Ship |
| 9:25 | Build | House |
| 9:32 | Build | House |
| 9:57 | Create | Villager (Male) |
| 9:57 | Create | Villager (Male) |
| 9:58 | Create | Villager (Male) |
| 9:58 | Create | Villager (Male) |
| 10:12 | Build | House |
| 10:22 | Build | Palisade Wall |
| 10:31 | Create | Villager (Male) |
| 11:01 | Create | Villager (Male) |
| 11:02 | Create | Villager (Male) |
| 11:02 | Create | Villager (Male) |
| 11:02 | Create | Villager (Male) |
| 11:13 | Build | House |
| 11:22 | Create | Fishing Ship |
| 11:38 | Build | House |
| 11:40 | Build | House |
| 12:40 | Build | Lumber Camp |
| 13:02 | Create | Villager (Male) |
| 13:49 | Build | Barracks |
| 14:09 | Research | Feudal Age |
| 14:18 | Build | Mill |
| 14:38 | Build | Mining Camp |
| 15:13 | Build | Mining Camp |
| 15:43 | Create | Villager (Male) |
| 16:13 | Create | Villager (Male) |
| 16:27 | Age | Feudal Age |
| 16:38 | Build | Lumber Camp |
| 16:45 | Build | Stable |
| 16:52 | Create | Villager (Male) |
| 17:09 | Build | Blacksmith |
| 18:07 | Research | Castle Age |
| 18:15 | Research | Double-Bit Axe |
| 18:22 | Research | Stone Mining |
| 18:24 | Research | Gold Mining |
| 18:55 | Research | Bloodlines |
| 18:57 | Research | Padded Archer Armor |
| 19:55 | Research | Horse Collar |
| 19:57 | Research | Fletching |
| 20:07 | Create | Villager (Male) |
| 20:30 | Research | Scale Barding Armor |
| 20:42 | Build | Farm |
| 20:46 | Build | Farm |
| 20:47 | Age | Castle Age |
| 20:53 | Research | Wheelbarrow |
| 21:02 | Create | Villager (Male) |
| 21:17 | Build | Castle |
| 21:23 | Research | Bow Saw |
| 21:25 | Create | Villager (Male) |
| 21:30 | Build | Farm |
| 21:33 | Build | Farm |
| 21:35 | Build | Farm |
| 21:41 | Build | Farm |
| 22:01 | Build | Town Center |
| 22:14 | Create | Villager (Male) |
| 22:27 | Build | Town Center |
| 22:35 | Build | Town Center |
| 22:45 | Create | Villager (Male) |
| 22:47 | Research | Leather Archer Armor |
| 22:50 | Research | Husbandry |
| 22:51 | Create | Conquistador |
| 23:13 | Build | Monastery |
| 23:24 | Research | Heavy Plow |
| 23:25 | Create | Villager (Male) |
| 23:32 | Build | Farm |
| 23:35 | Build | Farm |
| 23:40 | Create | Monk |
| 24:01 | Create | Conquistador |
| 24:20 | Build | Siege Workshop |
| 24:26 | Create | Villager (Male) |
| 24:27 | Create | Villager (Male) |
| 24:37 | Create | Villager (Male) |
| 24:45 | Build | Farm |
| 24:47 | Build | Farm |
| 24:49 | Build | Farm |
| 24:50 | Build | Farm |
| 24:51 | Build | Farm |
| 25:17 | Create | Villager (Male) |
| 25:17 | Create | Villager (Male) |
| 25:17 | Create | Villager (Male) |
| 25:18 | Create | Villager (Male) |
| 25:18 | Create | Villager (Male) |
| 25:18 | Create | Villager (Male) |
| 25:18 | Create | Villager (Male) |
| 25:19 | Create | Villager (Male) |
| 25:40 | Create | Conquistador |
| 25:43 | Create | Battering Ram |
| 25:51 | Create | Villager (Male) |
| 25:52 | Create | Villager (Male) |
| 25:53 | Create | Villager (Male) |
| 25:55 | Create | Villager (Male) |
| 26:01 | Build | Farm |
| 26:03 | Build | Farm |
| 26:10 | Build | Farm |
| 26:19 | Build | Farm |
| 26:25 | Build | Farm |
| 26:27 | Create | Villager (Male) |
| 26:28 | Create | Villager (Male) |
| 26:30 | Create | Villager (Male) |
| 26:30 | Create | Villager (Male) |
| 26:30 | Create | Villager (Male) |
| 26:37 | Research | Wheelbarrow |
| 26:40 | Create | Conquistador |
| 27:00 | Research | Redemption |
| 27:01 | Create | Conquistador |
| 27:30 | Create | Villager (Male) |
| 27:30 | Create | Villager (Male) |
| 27:43 | Create | Conquistador |
| 27:45 | Create | Villager (Male) |
| 27:46 | Create | Villager (Male) |
| 27:46 | Create | Villager (Male) |
| 27:46 | Create | Villager (Male) |
| 27:46 | Create | Villager (Male) |
| 28:13 | Create | Villager (Male) |
| 28:14 | Create | Villager (Male) |
| 28:14 | Create | Villager (Male) |
| 28:16 | Build | Farm |
| 28:21 | Build | Farm |
| 28:25 | Build | Farm |
| 28:38 | Build | Farm |
Build order — pipe4ndres
128 actions detected in the replay
| 3:47 | Build | Town Center |
| 5:33 | Build | House |
| 5:37 | Build | House |
| 5:38 | Build | House |
| 6:10 | Create | Villager (Male) |
| 6:10 | Create | Villager (Male) |
| 6:10 | Create | Villager (Male) |
| 6:11 | Create | Villager (Male) |
| 6:11 | Create | Villager (Male) |
| 7:30 | Build | Mill |
| 7:51 | Create | Villager (Male) |
| 7:51 | Create | Villager (Male) |
| 9:13 | Create | Villager (Male) |
| 9:26 | Create | Villager (Male) |
| 9:26 | Create | Villager (Male) |
| 9:26 | Create | Villager (Male) |
| 9:39 | Create | Villager (Male) |
| 9:40 | Create | Villager (Male) |
| 10:39 | Create | Villager (Male) |
| 10:39 | Create | Villager (Male) |
| 11:01 | Create | Villager (Male) |
| 11:01 | Create | Villager (Male) |
| 11:01 | Create | Villager (Male) |
| 11:02 | Create | Villager (Male) |
| 12:29 | Create | Villager (Male) |
| 12:29 | Create | Villager (Male) |
| 12:29 | Create | Villager (Male) |
| 13:20 | Create | Villager (Male) |
| 13:57 | Build | House |
| 14:03 | Build | House |
| 14:11 | Research | Feudal Age |
| 14:13 | Create | Villager (Male) |
| 14:13 | Create | Villager (Male) |
| 15:09 | Build | Mule Cart |
| 15:20 | Create | Villager (Male) |
| 15:20 | Create | Villager (Male) |
| 15:49 | Create | Villager (Male) |
| 16:23 | Age | Feudal Age |
| 16:29 | Research | Double-Bit Axe |
| 17:32 | Build | Dock |
| 17:42 | Create | Villager (Male) |
| 17:42 | Create | Villager (Male) |
| 18:00 | Build | Farm |
| 18:00 | Build | Farm |
| 18:21 | Create | Villager (Male) |
| 18:53 | Build | Barracks |
| 19:05 | Create | Villager (Male) |
| 19:08 | Research | Loom |
| 19:10 | Create | Villager (Male) |
| 19:10 | Create | Villager (Male) |
| 19:17 | Create | Fishing Ship |
| 19:17 | Create | Fishing Ship |
| 19:23 | Create | Villager (Male) |
| 19:33 | Build | House |
| 19:38 | Build | House |
| 20:07 | Build | Stable |
| 20:16 | Research | Town Watch |
| 20:19 | Create | Villager (Male) |
| 20:20 | Create | Villager (Male) |
| 20:27 | Create | Fishing Ship |
| 20:36 | Build | House |
| 20:40 | Build | House |
| 20:46 | Build | Stone Wall |
| 21:01 | Build | Stone Wall |
| 21:42 | Build | Market |
| 21:54 | Build | Farm |
| 21:54 | Build | Farm |
| 22:26 | Build | Blacksmith |
| 22:29 | Research | Horse Collar |
| 23:03 | Create | Fire Galley |
| 23:04 | Create | Fire Galley |
| 23:23 | Build | Stone Wall |
| 23:37 | Research | Castle Age |
| 23:43 | Research | Bloodlines |
| 23:55 | Build | Stone Wall |
| 24:12 | Create | Fishing Ship |
| 24:12 | Create | Fishing Ship |
| 24:23 | Research | Gold Mining |
| 24:46 | Build | House |
| 24:47 | Build | House |
| 24:49 | Build | House |
| 24:51 | Build | House |
| 24:53 | Build | House |
| 25:09 | Build | Stone Wall |
| 25:16 | Create | Scout Cavalry |
| 25:16 | Create | Scout Cavalry |
| 25:16 | Create | Scout Cavalry |
| 25:17 | Create | Scout Cavalry |
| 25:45 | Build | Mule Cart |
| 25:54 | Build | Stone Wall |
| 26:03 | Build | Gate |
| 26:17 | Age | Castle Age |
| 26:30 | Create | Villager (Male) |
| 26:31 | Create | Villager (Male) |
| 26:31 | Create | Villager (Male) |
| 27:01 | Create | Fishing Ship |
| 27:01 | Create | Fishing Ship |
| 27:26 | Build | Monastery |
| 27:30 | Build | Farm |
| 27:31 | Build | Farm |
| 27:31 | Build | Farm |
| 28:05 | Create | Monk |
| 28:17 | Create | Villager (Male) |
| 28:17 | Create | Villager (Male) |
| 28:18 | Create | Villager (Male) |
| 28:33 | Build | Town Center |
| 28:40 | Build | Farm |
| 28:56 | Create | Villager (Male) |
| 28:56 | Create | Villager (Male) |
| 29:20 | Create | Fishing Ship |
| 29:20 | Create | Fishing Ship |
| 29:57 | Create | Knight |
| 29:57 | Create | Knight |
| 29:57 | Create | Knight |
| 30:31 | Create | Knight |
| 30:32 | Create | Knight |
| 30:35 | Research | Forging |
| 30:47 | Build | Stable |
| 31:19 | Build | Stable |
| 31:21 | Create | Knight |
| 31:22 | Create | Knight |
| 31:45 | Build | Stone Wall |
| 31:59 | Build | Stone Wall |
| 33:29 | Build | Castle |
| 33:47 | Create | Scout Cavalry |
| 33:47 | Create | Scout Cavalry |
| 34:09 | Create | Scout Cavalry |
| 34:10 | Create | Scout Cavalry |
Build order — Broeerrr
First 150 of 205 actions detected
| 0:12 | Build | Town Center |
| 1:05 | Build | Dock |
| 2:30 | Build | House |
| 3:01 | Create | Villager (Male) |
| 3:02 | Create | Villager (Male) |
| 3:02 | Create | Villager (Male) |
| 3:16 | Create | Villager (Male) |
| 4:22 | Create | Fishing Ship |
| 4:22 | Create | Fishing Ship |
| 4:31 | Create | Villager (Male) |
| 5:03 | Build | House |
| 5:31 | Create | Fishing Ship |
| 5:39 | Create | Villager (Male) |
| 5:39 | Create | Villager (Male) |
| 6:14 | Create | Villager (Male) |
| 6:20 | Create | Fishing Ship |
| 6:20 | Create | Fishing Ship |
| 6:53 | Build | House |
| 6:56 | Create | Villager (Male) |
| 6:56 | Create | Villager (Male) |
| 7:15 | Create | Fishing Ship |
| 7:19 | Create | Villager (Male) |
| 7:19 | Create | Villager (Male) |
| 7:33 | Create | Villager (Male) |
| 8:04 | Create | Villager (Male) |
| 8:07 | Create | Fishing Ship |
| 8:07 | Create | Fishing Ship |
| 8:25 | Create | Villager (Male) |
| 8:29 | Build | House |
| 8:47 | Create | Villager (Male) |
| 9:02 | Build | Settlement |
| 9:08 | Create | Villager (Male) |
| 9:35 | Create | Villager (Male) |
| 9:39 | Create | Fishing Ship |
| 9:53 | Create | Villager (Male) |
| 9:55 | Create | Fishing Ship |
| 10:15 | Create | Villager (Male) |
| 10:19 | Create | Fishing Ship |
| 10:19 | Create | Fishing Ship |
| 10:48 | Create | Villager (Male) |
| 11:06 | Build | Dock |
| 11:20 | Create | Villager (Male) |
| 11:27 | Build | House |
| 11:30 | Build | House |
| 11:33 | Create | Villager (Male) |
| 12:00 | Create | Fishing Ship |
| 12:10 | Create | Fishing Ship |
| 12:10 | Create | Fishing Ship |
| 12:22 | Create | Villager (Male) |
| 12:24 | Research | Feudal Age |
| 14:13 | Create | Fishing Ship |
| 14:13 | Create | Fishing Ship |
| 14:33 | Build | Settlement |
| 14:35 | Age | Feudal Age |
| 14:53 | Create | Villager (Male) |
| 14:53 | Create | Villager (Male) |
| 14:55 | Research | Wheelbarrow |
| 15:19 | Build | Market |
| 15:25 | Create | Demolition Raft |
| 15:30 | Create | Fishing Ship |
| 15:30 | Create | Fishing Ship |
| 15:42 | Create | Villager (Male) |
| 15:42 | Create | Villager (Male) |
| 15:58 | Build | House |
| 16:00 | Build | House |
| 16:05 | Create | Villager (Male) |
| 16:40 | Build | Blacksmith |
| 16:58 | Create | Villager (Male) |
| 17:38 | Build | House |
| 17:45 | Build | Barracks |
| 18:04 | Research | Castle Age |
| 18:10 | Create | Demolition Raft |
| 18:10 | Create | Demolition Raft |
| 18:18 | Create | Villager (Male) |
| 18:19 | Create | Villager (Male) |
| 18:42 | Build | Settlement |
| 18:57 | Build | Settlement |
| 19:16 | Create | Villager (Male) |
| 19:35 | Create | Villager (Male) |
| 20:28 | Research | Stone Mining |
| 20:29 | Research | Double-Bit Axe |
| 20:36 | Build | Dock |
| 20:53 | Age | Castle Age |
| 20:58 | Create | Demolition Raft |
| 20:58 | Create | Demolition Raft |
| 20:58 | Create | Demolition Raft |
| 21:11 | Research | Tech 1402 |
| 21:17 | Create | Villager (Male) |
| 21:17 | Create | Villager (Male) |
| 21:42 | Build | Barracks |
| 21:49 | Create | Villager (Male) |
| 21:54 | Research | Bow Saw |
| 22:06 | Create | Demolition Raft |
| 22:07 | Create | Demolition Raft |
| 22:13 | Create | Fishing Ship |
| 22:13 | Create | Fishing Ship |
| 22:23 | Create | Demolition Raft |
| 22:28 | Create | Fishing Ship |
| 22:28 | Create | Fishing Ship |
| 23:02 | Build | Barracks |
| 23:04 | Research | Tech 1351 |
| 23:05 | Research | Squires |
| 23:08 | Research | Forging |
| 23:08 | Research | Scale Mail Armor |
| 23:15 | Create | Trade Cart |
| 23:15 | Create | Trade Cart |
| 23:56 | Build | Farm |
| 23:57 | Build | Farm |
| 24:17 | Build | Castle |
| 24:20 | Create | Unit 2550 |
| 24:20 | Create | Unit 2550 |
| 24:20 | Create | Unit 2550 |
| 24:21 | Create | Unit 2550 |
| 24:21 | Create | Unit 2550 |
| 24:21 | Create | Unit 2550 |
| 24:21 | Create | Unit 2550 |
| 24:26 | Create | Villager (Male) |
| 24:26 | Create | Villager (Male) |
| 24:27 | Create | Villager (Male) |
| 24:28 | Research | Hand Cart |
| 24:46 | Build | Town Center |
| 25:02 | Build | House |
| 25:03 | Build | House |
| 25:05 | Build | House |
| 25:06 | Build | House |
| 25:10 | Research | Gold Mining |
| 25:24 | Build | House |
| 25:25 | Build | House |
| 25:36 | Create | Demolition Raft |
| 25:42 | Create | Fishing Ship |
| 25:42 | Create | Fishing Ship |
| 25:42 | Create | Fishing Ship |
| 25:43 | Create | Fishing Ship |
| 25:58 | Create | Unit 2550 |
| 25:58 | Create | Unit 2550 |
| 25:58 | Create | Unit 2550 |
| 25:58 | Create | Unit 2550 |
| 25:58 | Create | Unit 2550 |
| 25:59 | Create | Unit 2550 |
| 26:13 | Create | Villager (Male) |
| 26:14 | Create | Villager (Male) |
| 26:14 | Create | Villager (Male) |
| 26:29 | Create | Villager (Male) |
| 26:30 | Create | Villager (Male) |
| 26:30 | Create | Villager (Male) |
| 26:37 | Build | Settlement |
| 26:40 | Build | House |
| 26:41 | Build | House |
| 26:42 | Build | House |
| 26:50 | Create | Unit 2550 |
Build order — T man
147 actions detected in the replay
| 1:13 | Build | Town Center |
| 3:10 | Create | Villager (Male) |
| 3:10 | Create | Villager (Male) |
| 3:14 | Build | House |
| 3:19 | Create | Villager (Male) |
| 3:19 | Create | Villager (Male) |
| 3:37 | Build | House |
| 4:22 | Build | Outpost |
| 4:42 | Create | Villager (Male) |
| 5:01 | Build | Lumber Camp |
| 5:13 | Create | Villager (Male) |
| 5:46 | Create | Villager (Male) |
| 6:15 | Create | Villager (Male) |
| 6:55 | Create | Villager (Male) |
| 7:28 | Build | Mill |
| 7:38 | Create | Villager (Male) |
| 8:09 | Build | House |
| 8:22 | Create | Villager (Male) |
| 8:29 | Create | Villager (Male) |
| 8:29 | Create | Villager (Male) |
| 9:07 | Build | Palisade Wall |
| 9:12 | Create | Villager (Male) |
| 9:31 | Create | Villager (Male) |
| 9:43 | Build | Palisade Wall |
| 9:56 | Build | Palisade Wall |
| 10:01 | Build | Palisade Wall |
| 10:08 | Create | Villager (Male) |
| 10:18 | Build | House |
| 10:25 | Create | Villager (Male) |
| 10:43 | Build | House |
| 11:03 | Build | Farm |
| 11:31 | Build | Farm |
| 11:31 | Create | Villager (Male) |
| 11:32 | Create | Villager (Male) |
| 12:14 | Create | Villager (Male) |
| 12:20 | Create | Villager (Male) |
| 12:28 | Build | House |
| 12:53 | Build | House |
| 12:59 | Build | House |
| 13:08 | Build | Palisade Wall |
| 13:20 | Build | Farm |
| 13:21 | Create | Villager (Male) |
| 13:22 | Create | Villager (Male) |
| 13:40 | Build | House |
| 13:46 | Create | Villager (Male) |
| 13:50 | Build | Farm |
| 14:05 | Build | Palisade Wall |
| 14:16 | Build | Farm |
| 14:28 | Build | Farm |
| 14:29 | Create | Villager (Male) |
| 14:54 | Create | Villager (Male) |
| 15:04 | Build | Palisade Wall |
| 15:11 | Build | Palisade Gate |
| 15:16 | Build | Farm |
| 15:26 | Build | Farm |
| 15:34 | Build | Farm |
| 15:34 | Create | Villager (Male) |
| 15:37 | Research | Feudal Age |
| 16:04 | Build | Mining Camp |
| 16:17 | Build | Barracks |
| 16:40 | Build | Barracks |
| 17:19 | Create | Villager (Male) |
| 17:19 | Create | Villager (Male) |
| 17:20 | Create | Villager (Male) |
| 17:20 | Create | Villager (Male) |
| 17:37 | Build | Mining Camp |
| 18:02 | Create | Militia |
| 18:08 | Create | Militia |
| 18:09 | Age | Feudal Age |
| 18:54 | Build | Archery Range |
| 19:00 | Build | Watch Tower |
| 19:09 | Build | Stone Wall |
| 19:22 | Build | Stone Wall |
| 19:25 | Create | Villager (Male) |
| 19:25 | Create | Villager (Male) |
| 19:36 | Build | Stable |
| 20:00 | Build | Stone Wall |
| 20:02 | Build | Stone Wall |
| 20:12 | Create | Spearman |
| 20:12 | Create | Spearman |
| 20:14 | Create | Skirmisher |
| 20:15 | Create | Skirmisher |
| 20:16 | Create | Skirmisher |
| 20:17 | Create | Skirmisher |
| 21:02 | Build | Lumber Camp |
| 21:15 | Create | Villager (Male) |
| 21:15 | Create | Villager (Male) |
| 21:15 | Create | Villager (Male) |
| 21:16 | Create | Villager (Male) |
| 21:26 | Build | Stone Wall |
| 21:56 | Create | Scout Cavalry |
| 21:57 | Create | Scout Cavalry |
| 21:58 | Create | Spearman |
| 21:58 | Create | Spearman |
| 23:29 | Create | Skirmisher |
| 23:29 | Create | Skirmisher |
| 23:31 | Create | Spearman |
| 23:31 | Create | Spearman |
| 23:33 | Create | Scout Cavalry |
| 23:34 | Create | Scout Cavalry |
| 24:25 | Create | Villager (Male) |
| 24:26 | Create | Villager (Male) |
| 24:30 | Create | Scout Cavalry |
| 24:30 | Create | Scout Cavalry |
| 24:33 | Create | Militia |
| 24:33 | Create | Militia |
| 25:13 | Create | Scout Cavalry |
| 27:45 | Build | Lumber Camp |
| 28:00 | Build | Lumber Camp |
| 29:11 | Build | Mill |
| 29:42 | Build | Town Center |
| 30:04 | Build | Farm |
| 30:09 | Build | Farm |
| 30:15 | Build | Farm |
| 30:24 | Build | Farm |
| 30:31 | Build | Farm |
| 30:38 | Build | Farm |
| 30:44 | Build | Farm |
| 31:12 | Build | Mining Camp |
| 31:21 | Build | Mining Camp |
| 31:30 | Create | Villager (Male) |
| 31:30 | Create | Villager (Male) |
| 31:31 | Create | Villager (Male) |
| 32:00 | Build | Lumber Camp |
| 32:06 | Create | Villager (Male) |
| 33:12 | Create | Villager (Male) |
| 33:12 | Create | Villager (Male) |
| 33:12 | Create | Villager (Male) |
| 33:13 | Create | Villager (Male) |
| 33:38 | Build | House |
| 33:39 | Build | House |
| 33:40 | Build | House |
| 33:41 | Build | House |
| 33:43 | Build | House |
| 33:44 | Build | House |
| 34:20 | Create | Villager (Male) |
| 34:26 | Build | Farm |
| 35:02 | Build | Market |
| 35:09 | Build | Farm |
| 35:32 | Build | Farm |
| 35:53 | Build | Farm |
| 36:08 | Build | Lumber Camp |
| 36:11 | Create | Villager (Male) |
| 36:11 | Create | Villager (Male) |
| 36:12 | Create | Villager (Male) |
| 36:12 | Create | Villager (Male) |
| 36:58 | Build | Farm |
Build order — Sleevy
First 150 of 203 actions detected
| 1:22 | Build | Town Center |
| 1:45 | Build | House |
| 1:47 | Build | House |
| 3:41 | Build | Dock |
| 4:02 | Create | Villager (Male) |
| 4:02 | Create | Villager (Male) |
| 4:02 | Create | Villager (Male) |
| 4:03 | Create | Villager (Male) |
| 4:03 | Create | Villager (Male) |
| 5:08 | Create | Villager (Male) |
| 5:51 | Create | Villager (Male) |
| 6:29 | Create | Villager (Male) |
| 6:39 | Create | Villager (Male) |
| 6:39 | Create | Villager (Male) |
| 7:09 | Create | Villager (Male) |
| 7:46 | Create | Villager (Male) |
| 7:46 | Create | Villager (Male) |
| 7:46 | Create | Villager (Male) |
| 8:09 | Build | House |
| 8:11 | Build | House |
| 8:34 | Create | Villager (Male) |
| 8:50 | Create | Villager (Male) |
| 9:03 | Research | Loom |
| 9:03 | Create | Villager (Male) |
| 9:05 | Create | Villager (Male) |
| 9:19 | Build | Mill |
| 10:00 | Create | Villager (Male) |
| 10:00 | Create | Villager (Male) |
| 10:02 | Create | Villager (Male) |
| 10:41 | Build | Lumber Camp |
| 11:01 | Create | Villager (Male) |
| 11:39 | Create | Villager (Male) |
| 11:52 | Build | Mining Camp |
| 12:03 | Build | House |
| 12:08 | Create | Villager (Male) |
| 13:01 | Research | Feudal Age |
| 13:38 | Build | Mining Camp |
| 14:57 | Create | Fishing Ship |
| 14:57 | Create | Fishing Ship |
| 15:11 | Age | Feudal Age |
| 15:26 | Build | Palisade Wall |
| 15:36 | Build | Palisade Wall |
| 15:50 | Build | Palisade Wall |
| 15:56 | Create | Villager (Male) |
| 15:56 | Create | Villager (Male) |
| 16:00 | Create | Villager (Male) |
| 16:07 | Create | Fishing Ship |
| 16:24 | Build | Palisade Wall |
| 16:36 | Build | Mining Camp |
| 16:40 | Create | Villager (Male) |
| 16:41 | Create | Villager (Male) |
| 17:08 | Build | Palisade Gate |
| 17:20 | Build | Palisade Wall |
| 17:31 | Build | Palisade Gate |
| 17:47 | Build | House |
| 17:48 | Build | House |
| 17:49 | Build | House |
| 18:00 | Create | Villager (Male) |
| 18:03 | Create | Fishing Ship |
| 18:03 | Create | Fishing Ship |
| 18:50 | Build | Blacksmith |
| 18:54 | Build | Market |
| 19:28 | Create | Villager (Male) |
| 19:29 | Create | Villager (Male) |
| 20:18 | Build | Farm |
| 20:18 | Build | Farm |
| 20:20 | Build | Farm |
| 20:22 | Build | Farm |
| 20:40 | Build | Farm |
| 20:42 | Build | Farm |
| 20:57 | Research | Castle Age |
| 21:24 | Build | Farm |
| 21:29 | Build | Farm |
| 21:49 | Research | Gold Mining |
| 21:49 | Research | Stone Mining |
| 21:52 | Research | Horse Collar |
| 21:55 | Research | Double-Bit Axe |
| 22:24 | Build | Dock |
| 22:28 | Build | Dock |
| 23:37 | Age | Castle Age |
| 23:43 | Create | Longboat |
| 23:43 | Create | Longboat |
| 24:09 | Build | Town Center |
| 24:52 | Build | Town Center |
| 25:01 | Create | Villager (Male) |
| 25:01 | Create | Villager (Male) |
| 25:48 | Create | Villager (Male) |
| 25:51 | Research | Bow Saw |
| 25:59 | Build | Farm |
| 26:00 | Build | Farm |
| 26:27 | Build | Farm |
| 26:32 | Build | Farm |
| 26:40 | Create | Villager (Male) |
| 26:40 | Create | Villager (Male) |
| 26:47 | Create | Villager (Male) |
| 26:48 | Create | Villager (Male) |
| 26:49 | Create | Villager (Male) |
| 27:02 | Create | Villager (Male) |
| 27:02 | Create | Villager (Male) |
| 27:02 | Create | Villager (Male) |
| 27:02 | Create | Villager (Male) |
| 27:03 | Create | Villager (Male) |
| 27:03 | Create | Villager (Male) |
| 27:03 | Create | Villager (Male) |
| 27:03 | Create | Villager (Male) |
| 27:03 | Create | Villager (Male) |
| 27:04 | Create | Villager (Male) |
| 27:04 | Create | Villager (Male) |
| 27:04 | Create | Villager (Male) |
| 27:05 | Create | Villager (Male) |
| 27:05 | Create | Villager (Male) |
| 27:06 | Create | Villager (Male) |
| 27:07 | Create | Villager (Male) |
| 27:07 | Create | Villager (Male) |
| 27:10 | Research | Heavy Plow |
| 27:23 | Build | Farm |
| 27:32 | Build | Farm |
| 27:34 | Build | Farm |
| 27:52 | Create | Villager (Male) |
| 27:52 | Create | Villager (Male) |
| 27:52 | Create | Villager (Male) |
| 27:52 | Create | Villager (Male) |
| 28:32 | Create | Villager (Male) |
| 28:33 | Create | Villager (Male) |
| 28:33 | Create | Villager (Male) |
| 28:53 | Build | Monastery |
| 29:25 | Build | Castle |
| 29:39 | Build | House |
| 29:41 | Build | House |
| 29:42 | Build | House |
| 29:46 | Create | Monk |
| 29:46 | Create | Monk |
| 30:28 | Build | Farm |
| 30:31 | Build | Farm |
| 30:36 | Build | Farm |
| 30:53 | Research | Tech 906 |
| 30:54 | Create | Longboat |
| 30:54 | Create | Longboat |
| 30:58 | Create | Longboat |
| 30:58 | Create | Longboat |
| 31:03 | Research | Gold Shaft Mining |
| 31:33 | Build | House |
| 31:36 | Build | House |
| 32:05 | Research | Gillnets |
| 32:07 | Create | Longboat |
| 32:07 | Create | Longboat |
| 32:07 | Create | Longboat |
| 32:09 | Create | Longboat |
| 32:09 | Create | Longboat |
| 32:20 | Create | Longboat |
Build order — eLeMBi
First 150 of 156 actions detected
| 0:29 | Build | Palisade Wall |
| 0:31 | Build | Palisade Wall |
| 0:33 | Build | Palisade Wall |
| 0:35 | Build | Palisade Wall |
| 2:24 | Build | Town Center |
| 3:09 | Build | House |
| 4:07 | Create | Villager (Male) ×4 |
| 5:21 | Create | Villager (Male) |
| 5:43 | Create | Villager (Male) |
| 6:23 | Create | Villager (Male) |
| 6:44 | Build | House |
| 7:05 | Create | Villager (Male) ×3 |
| 7:05 | Create | Villager (Male) ×3 |
| 7:09 | Build | House |
| 7:40 | Create | Villager (Male) |
| 8:32 | Create | Villager (Male) ×4 |
| 10:32 | Create | Villager (Male) ×2 |
| 10:53 | Build | Mill |
| 10:59 | Build | House |
| 11:14 | Create | Villager (Male) |
| 11:24 | Build | House |
| 11:39 | Build | House |
| 11:40 | Build | House |
| 12:03 | Create | Villager (Male) |
| 12:04 | Create | Villager (Male) |
| 12:04 | Create | Villager (Male) |
| 12:47 | Build | Mining Camp |
| 13:03 | Create | Villager (Male) |
| 13:06 | Create | Villager (Male) |
| 14:22 | Research | Feudal Age |
| 14:46 | Build | Barracks |
| 15:18 | Create | Villager (Male) |
| 15:55 | Build | House |
| 16:32 | Age | Feudal Age |
| 16:34 | Build | Archery Range |
| 16:43 | Build | Blacksmith |
| 16:47 | Create | Villager (Male) |
| 16:52 | Build | Lumber Camp |
| 17:20 | Create | Archer ×5 |
| 17:40 | Create | Militia |
| 17:40 | Create | Militia |
| 17:52 | Build | Farm |
| 17:53 | Research | Double-Bit Axe |
| 17:55 | Create | Villager (Male) |
| 17:56 | Create | Villager (Male) |
| 17:56 | Create | Villager (Male) |
| 18:04 | Build | Farm |
| 18:10 | Build | Farm |
| 18:31 | Research | Fletching |
| 18:47 | Build | Farm |
| 18:49 | Create | Villager (Male) |
| 18:52 | Research | Loom |
| 19:29 | Research | Padded Archer Armor |
| 19:57 | Create | Villager (Male) |
| 20:00 | Build | Farm |
| 20:03 | Build | Farm |
| 20:21 | Create | Archer |
| 20:21 | Create | Archer |
| 20:22 | Create | Archer |
| 20:33 | Build | Market |
| 22:06 | Create | Villager (Male) |
| 22:07 | Create | Villager (Male) |
| 22:12 | Build | House |
| 22:14 | Build | House |
| 22:14 | Build | House |
| 22:14 | Build | House |
| 22:15 | Build | House |
| 22:15 | Build | House |
| 22:16 | Build | House |
| 22:17 | Build | Farm |
| 22:17 | Build | Farm |
| 22:17 | Build | Farm |
| 22:18 | Build | Farm |
| 22:18 | Build | Farm |
| 23:28 | Research | Castle Age |
| 23:34 | Create | Spearman |
| 24:09 | Build | Farm |
| 25:01 | Research | Horse Collar |
| 25:47 | Build | Farm |
| 26:08 | Age | Castle Age |
| 26:09 | Create | Villager (Male) |
| 26:10 | Research | Wheelbarrow |
| 26:16 | Build | Farm |
| 26:20 | Build | Lumber Camp |
| 26:38 | Build | Town Center |
| 26:42 | Create | Villager (Male) |
| 26:42 | Create | Villager (Male) |
| 26:52 | Research | Heavy Plow |
| 26:53 | Research | Crossbowman (upgrade) |
| 27:37 | Create | Archer ×5 |
| 27:54 | Create | Villager (Male) |
| 28:11 | Create | Villager (Male) |
| 28:12 | Create | Villager (Male) ×5 |
| 28:41 | Create | Villager (Male) |
| 29:32 | Research | Bow Saw |
| 29:35 | Create | Villager (Male) ×3 |
| 30:08 | Create | Villager (Male) |
| 30:08 | Create | Villager (Male) |
| 30:10 | Create | Villager (Male) |
| 30:15 | Build | Lumber Camp |
| 30:26 | Build | Archery Range |
| 30:27 | Build | Archery Range |
| 30:35 | Build | Farm |
| 30:58 | Create | Villager (Male) |
| 30:58 | Create | Villager (Male) |
| 30:59 | Create | Villager (Male) |
| 31:00 | Create | Villager (Male) |
| 31:09 | Create | Villager (Male) |
| 31:14 | Build | Mining Camp |
| 31:54 | Create | Archer ×5 |
| 31:54 | Create | Archer ×5 |
| 32:30 | Create | Villager (Male) |
| 32:30 | Create | Villager (Male) |
| 32:32 | Create | Villager (Male) |
| 32:32 | Create | Villager (Male) |
| 32:33 | Create | Villager (Male) |
| 32:33 | Create | Villager (Male) |
| 32:41 | Build | Farm |
| 32:41 | Build | Farm |
| 32:41 | Build | Farm |
| 32:41 | Build | Farm |
| 32:42 | Build | Farm |
| 32:53 | Build | Farm |
| 32:58 | Research | Bodkin Arrow |
| 33:05 | Build | House |
| 33:06 | Build | House |
| 33:06 | Build | House |
| 33:07 | Build | House |
| 33:07 | Build | House |
| 33:08 | Build | House |
| 33:08 | Build | House |
| 33:08 | Build | House |
| 33:17 | Build | House |
| 33:18 | Build | House |
| 33:19 | Build | House |
| 33:19 | Build | House |
| 33:19 | Build | House |
| 33:19 | Build | House |
| 33:20 | Build | House |
| 33:20 | Build | House |
| 33:25 | Build | House |
| 33:29 | Create | Archer ×5 |
| 33:37 | Research | Thumb Ring |
| 33:39 | Create | Archer ×5 |
| 33:52 | Create | Villager (Male) |
| 33:53 | Create | Villager (Male) |
| 34:15 | Build | Mining Camp |
| 34:28 | Create | Archer ×5 |
| 35:10 | Research | Hand Cart |
| 35:12 | Create | Villager (Male) ×5 |
Build order — ig._1234321
128 actions detected in the replay
| 2:29 | Build | Town Center |
| 4:43 | Create | Villager (Male) |
| 4:43 | Create | Villager (Male) |
| 4:43 | Create | Villager (Male) |
| 4:43 | Create | Villager (Male) |
| 5:38 | Build | House |
| 6:08 | Build | House |
| 7:53 | Create | Villager (Male) |
| 7:53 | Create | Villager (Male) |
| 8:14 | Create | Villager (Male) |
| 8:39 | Create | Villager (Male) |
| 9:35 | Create | Villager (Male) |
| 10:08 | Create | Villager (Male) |
| 10:09 | Create | Villager (Male) |
| 10:39 | Create | Villager (Male) |
| 10:57 | Create | Villager (Male) |
| 11:05 | Build | Mill |
| 11:29 | Build | House |
| 11:45 | Research | Loom |
| 11:47 | Create | Villager (Male) |
| 12:35 | Create | Villager (Male) |
| 12:42 | Create | Villager (Male) |
| 12:50 | Build | Mining Camp |
| 13:02 | Build | Dock |
| 13:14 | Create | Villager (Male) |
| 13:27 | Create | Villager (Male) |
| 14:05 | Create | Fishing Ship |
| 14:10 | Build | House |
| 14:58 | Build | Farm |
| 15:10 | Build | Farm |
| 15:26 | Research | Feudal Age |
| 15:38 | Build | Mining Camp |
| 16:00 | Create | Fishing Ship |
| 16:17 | Build | House |
| 16:50 | Build | Palisade Wall |
| 17:00 | Build | Palisade Wall |
| 17:36 | Age | Feudal Age |
| 17:37 | Build | Barracks |
| 17:45 | Build | House |
| 17:56 | Build | Gate |
| 18:20 | Build | Stone Wall |
| 18:33 | Build | Lumber Camp |
| 18:51 | Build | Blacksmith |
| 18:59 | Create | Villager (Male) |
| 18:59 | Create | Villager (Male) |
| 19:16 | Build | Stone Wall |
| 19:22 | Build | Gate |
| 19:35 | Build | Palisade Gate |
| 19:48 | Build | Farm |
| 19:50 | Research | Wheelbarrow |
| 19:51 | Create | Villager (Male) |
| 20:25 | Create | Villager (Male) |
| 20:25 | Create | Villager (Male) |
| 20:48 | Build | Stone Wall |
| 20:58 | Build | Stone Wall |
| 21:05 | Create | Villager (Male) |
| 21:05 | Create | Villager (Male) |
| 21:21 | Build | Stable |
| 21:29 | Build | Stone Wall |
| 21:30 | Build | Stone Wall |
| 21:32 | Build | Stone Wall |
| 21:44 | Create | Fishing Ship |
| 21:50 | Create | Villager (Male) |
| 22:19 | Build | Market |
| 22:22 | Create | Scout Cavalry |
| 22:26 | Create | Villager (Male) |
| 22:30 | Create | Fishing Ship |
| 23:02 | Create | Villager (Male) |
| 23:17 | Create | Fire Galley |
| 23:24 | Build | Farm |
| 23:44 | Research | Castle Age |
| 23:49 | Build | Farm |
| 24:10 | Build | Outpost |
| 24:17 | Build | Gate |
| 24:32 | Create | Fire Galley |
| 24:54 | Build | House |
| 24:55 | Build | House |
| 24:57 | Build | House |
| 25:43 | Build | Outpost |
| 25:58 | Build | Outpost |
| 26:24 | Age | Castle Age |
| 26:25 | Create | Villager (Male) |
| 26:25 | Create | Villager (Male) |
| 26:26 | Research | Hand Cart |
| 26:49 | Build | Town Center |
| 27:12 | Build | Outpost |
| 27:22 | Build | Outpost |
| 27:36 | Build | Farm |
| 27:45 | Research | Double-Bit Axe |
| 27:51 | Create | Villager (Male) |
| 27:51 | Create | Villager (Male) |
| 28:01 | Build | Outpost |
| 28:10 | Build | Outpost |
| 28:16 | Build | Farm |
| 28:41 | Create | Villager (Male) |
| 28:42 | Create | Villager (Male) |
| 28:42 | Create | Villager (Male) |
| 28:42 | Create | Villager (Male) |
| 28:43 | Create | Villager (Male) |
| 28:43 | Create | Villager (Male) |
| 28:54 | Research | Husbandry |
| 29:18 | Build | Farm |
| 29:27 | Build | University |
| 29:52 | Create | Knight |
| 29:52 | Create | Knight |
| 29:52 | Create | Knight |
| 29:52 | Create | Knight |
| 29:52 | Create | Knight |
| 29:53 | Create | Knight |
| 29:53 | Create | Knight |
| 29:54 | Create | Knight |
| 30:04 | Build | Outpost |
| 31:27 | Create | Knight |
| 31:27 | Create | Knight |
| 31:34 | Build | Stable |
| 31:38 | Create | Villager (Male) |
| 31:38 | Create | Villager (Male) |
| 31:54 | Create | Unit 2626 |
| 32:32 | Build | Castle |
| 32:47 | Create | Knight |
| 32:48 | Create | Knight |
| 33:02 | Research | Fortified Wall (upgrade) |
| 33:48 | Create | Knight |
| 33:58 | Research | Scale Barding Armor |
| 33:58 | Research | Forging |
| 34:02 | Build | House |
| 34:06 | Build | House |
| 34:45 | Research | Chain Barding Armor |
Build order — aleee_026
First 150 of 281 actions detected
| 1:21 | Build | Town Center |
| 3:45 | Research | Loom |
| 3:45 | Create | Villager (Male) |
| 3:45 | Create | Villager (Male) |
| 3:46 | Create | Villager (Male) |
| 3:46 | Create | Villager (Male) |
| 3:46 | Create | Villager (Male) |
| 4:30 | Build | Mill |
| 4:40 | Build | House |
| 4:41 | Build | House |
| 4:42 | Build | House |
| 5:41 | Create | Villager (Male) |
| 6:02 | Build | House |
| 6:22 | Create | Villager (Male) |
| 6:23 | Create | Villager (Male) |
| 7:33 | Create | Villager (Male) |
| 7:33 | Create | Villager (Male) |
| 7:58 | Create | Villager (Male) |
| 7:59 | Create | Villager (Male) |
| 8:19 | Create | Villager (Male) |
| 8:32 | Create | Villager (Male) |
| 9:01 | Build | Dock |
| 9:07 | Create | Villager (Male) |
| 9:08 | Create | Villager (Male) |
| 9:34 | Create | Villager (Male) |
| 9:34 | Create | Villager (Male) |
| 10:02 | Create | Fishing Ship |
| 10:08 | Create | Villager (Male) |
| 10:08 | Create | Villager (Male) |
| 10:33 | Create | Fishing Ship |
| 10:40 | Create | Fishing Ship |
| 10:50 | Create | Villager (Male) |
| 10:50 | Create | Villager (Male) |
| 10:51 | Create | Villager (Male) |
| 11:04 | Build | Lumber Camp |
| 11:39 | Create | Villager (Male) |
| 11:39 | Create | Villager (Male) |
| 12:08 | Build | House |
| 12:08 | Build | House |
| 12:10 | Build | House |
| 12:11 | Build | House |
| 12:12 | Build | House |
| 12:20 | Create | Fishing Ship |
| 12:20 | Create | Fishing Ship |
| 12:49 | Create | Villager (Male) |
| 12:49 | Create | Villager (Male) |
| 12:49 | Create | Villager (Male) |
| 13:14 | Create | Fishing Ship |
| 13:38 | Create | Villager (Male) |
| 13:38 | Create | Villager (Male) |
| 13:55 | Build | Mining Camp |
| 14:07 | Build | Mining Camp |
| 14:24 | Research | Feudal Age |
| 14:46 | Build | House |
| 14:47 | Build | House |
| 14:53 | Create | Fishing Ship |
| 14:53 | Create | Fishing Ship |
| 14:55 | Create | Fishing Ship |
| 14:55 | Create | Fishing Ship |
| 15:08 | Build | Outpost |
| 16:07 | Create | Fishing Ship |
| 16:07 | Create | Fishing Ship |
| 16:07 | Create | Fishing Ship |
| 16:20 | Build | Palisade Gate |
| 17:06 | Build | Dock |
| 17:19 | Age | Feudal Age |
| 17:27 | Research | Wheelbarrow |
| 17:28 | Research | Town Watch |
| 17:31 | Research | Double-Bit Axe |
| 18:13 | Build | Market |
| 18:20 | Create | Villager (Male) |
| 18:21 | Create | Villager (Male) |
| 18:21 | Create | Villager (Male) |
| 18:36 | Create | Fishing Ship |
| 19:12 | Create | Fishing Ship |
| 19:12 | Create | Fishing Ship |
| 19:13 | Create | Fishing Ship |
| 19:54 | Create | Villager (Male) |
| 19:54 | Create | Villager (Male) |
| 19:54 | Create | Villager (Male) |
| 20:06 | Create | Demolition Raft |
| 20:07 | Create | Demolition Raft |
| 20:07 | Create | Demolition Raft |
| 20:09 | Research | Tech 906 |
| 20:22 | Create | Fishing Ship |
| 20:22 | Create | Fishing Ship |
| 20:23 | Create | Fishing Ship |
| 20:23 | Create | Fishing Ship |
| 20:35 | Build | Lumber Camp |
| 20:43 | Create | Trade Cart |
| 21:19 | Build | Blacksmith |
| 21:35 | Create | Fishing Ship |
| 21:35 | Create | Fishing Ship |
| 21:35 | Create | Fishing Ship |
| 21:49 | Create | Villager (Male) |
| 21:49 | Create | Villager (Male) |
| 21:50 | Create | Villager (Male) |
| 21:50 | Create | Villager (Male) |
| 21:52 | Create | Villager (Male) |
| 22:02 | Build | Fish Trap |
| 22:29 | Build | Lumber Camp |
| 22:33 | Research | Castle Age |
| 22:40 | Build | Farm |
| 22:41 | Build | Farm |
| 22:43 | Build | Farm |
| 22:44 | Build | Farm |
| 22:46 | Build | Farm |
| 22:49 | Build | Farm |
| 22:50 | Build | Farm |
| 22:51 | Build | Farm |
| 23:12 | Build | House |
| 23:13 | Build | House |
| 23:14 | Build | House |
| 23:16 | Build | House |
| 23:17 | Build | House |
| 23:18 | Build | House |
| 23:19 | Build | House |
| 23:20 | Build | House |
| 23:32 | Build | Fish Trap |
| 24:06 | Create | Demolition Raft |
| 24:07 | Create | Demolition Raft |
| 24:18 | Create | Fishing Ship |
| 24:18 | Create | Fishing Ship |
| 24:19 | Create | Fishing Ship |
| 24:19 | Create | Fishing Ship |
| 24:19 | Create | Fishing Ship |
| 24:20 | Create | Fishing Ship |
| 24:20 | Create | Fishing Ship |
| 24:20 | Create | Fishing Ship |
| 24:20 | Create | Fishing Ship |
| 24:43 | Research | Gold Mining |
| 24:43 | Research | Stone Mining |
| 24:55 | Build | Mill |
| 25:07 | Build | Fish Trap |
| 25:27 | Build | Dock |
| 25:34 | Create | Trade Cart |
| 25:35 | Create | Trade Cart |
| 25:50 | Build | Fish Trap |
| 26:17 | Build | Farm |
| 26:18 | Build | Farm |
| 26:34 | Age | Castle Age |
| 26:45 | Build | Town Center |
| 26:49 | Research | Bow Saw |
| 26:52 | Research | Town Patrol |
| 27:01 | Research | Gillnets |
| 27:14 | Research | Horse Collar |
| 27:33 | Build | Dock |
| 28:09 | Research | Hand Cart |
| 28:14 | Create | Villager (Male) |
| 28:14 | Create | Villager (Male) |
Match timeline
| 0:29 | eLeMBi · wall_segment Palisade Wall x1 |
| 0:31 | eLeMBi · wall_segment Palisade Wall x1 |
| 0:33 | eLeMBi · wall_segment Palisade Wall x1 |
| 0:35 | eLeMBi · wall_segment Palisade Wall x1 |
| 1:05 | Broeerrr · first_building Dock |
| 1:39 | Aghur III · first_building Dock |
| 3:41 | Sleevy · first_building Dock |
| 9:01 | aleee_026 · first_building Dock |
| 9:07 | T man · wall_segment Palisade Wall x8 |
| 9:43 | T man · wall_segment Palisade Wall x3 |
| 9:56 | T man · wall_segment Palisade Wall x17 |
| 10:01 | T man · wall_segment Palisade Wall x9 |
| 10:22 | Aghur III · wall_segment Palisade Wall x1 |
| 13:02 | ig._1234321 · first_building Dock |
| 13:08 | T man · wall_segment Palisade Wall x13 |
| 13:49 | Aghur III · first_building Barracks |
| 14:05 | T man · wall_segment Palisade Wall x9 |
| 14:35 | Broeerrr · age_up feudal |
| 14:46 | eLeMBi · first_building Barracks |
| 15:04 | T man · wall_segment Palisade Wall x12 |
| 15:11 | Sleevy · age_up feudal |
| 15:26 | Sleevy · wall_segment Palisade Wall x4 |
| 15:36 | Sleevy · wall_segment Palisade Wall x12 |
| 15:50 | Sleevy · wall_segment Palisade Wall x1 |
| 16:17 | T man · first_building Barracks |
| 16:23 | pipe4ndres · age_up feudal |
| 16:24 | Sleevy · wall_segment Palisade Wall x12 |
| 16:27 | Aghur III · age_up feudal |
| 16:32 | eLeMBi · age_up feudal |
| 16:34 | eLeMBi · first_building Archery Range |
| 16:45 | Aghur III · first_building Stable |
| 16:50 | ig._1234321 · wall_segment Palisade Wall x2 |
| 17:00 | ig._1234321 · wall_segment Palisade Wall x11 |
| 17:19 | aleee_026 · age_up feudal |
| 17:20 | Sleevy · wall_segment Palisade Wall x6 |
| 17:32 | pipe4ndres · first_building Dock |
| 17:36 | ig._1234321 · age_up feudal |
| 17:37 | ig._1234321 · first_building Barracks |
| 17:45 | Broeerrr · first_building Barracks |
| 18:09 | T man · age_up feudal |
| 18:20 | ig._1234321 · wall_segment Stone Wall x18 |
| 18:53 | pipe4ndres · first_building Barracks |
| 18:54 | T man · first_building Archery Range |
| 19:09 | T man · wall_segment Stone Wall x13 |
| 19:16 | ig._1234321 · wall_segment Stone Wall x11 |
| 19:22 | T man · wall_segment Stone Wall x17 |
| 19:36 | T man · first_building Stable |
| 20:00 | T man · wall_segment Stone Wall x7 |
| 20:02 | T man · wall_segment Stone Wall x18 |
| 20:07 | pipe4ndres · first_building Stable |
| 20:46 | pipe4ndres · wall_segment Stone Wall x1 |
| 20:47 | Aghur III · age_up castle |
| 20:48 | ig._1234321 · wall_segment Stone Wall x6 |
| 20:53 | Broeerrr · age_up castle |
| 20:58 | ig._1234321 · wall_segment Stone Wall x5 |
| 21:01 | pipe4ndres · wall_segment Stone Wall x9 |
| 21:17 | Aghur III · first_building Castle |
| 21:21 | ig._1234321 · first_building Stable |
| 21:26 | T man · wall_segment Stone Wall x21 |
| 21:29 | ig._1234321 · wall_segment Stone Wall x1 |
| 21:30 | ig._1234321 · wall_segment Stone Wall x1 |
| 21:32 | ig._1234321 · wall_segment Stone Wall x5 |
| 23:13 | Aghur III · first_building Monastery |
| 23:23 | pipe4ndres · wall_segment Stone Wall x9 |
| 23:37 | Sleevy · age_up castle |
| 23:42 | ig._1234321 · first_market_buy 100 food |
| 23:55 | pipe4ndres · wall_segment Stone Wall x16 |
| 24:17 | Broeerrr · first_building Castle |
| 24:20 | Aghur III · first_building Siege Workshop |
| 25:09 | pipe4ndres · wall_segment Stone Wall x9 |
| 25:54 | pipe4ndres · wall_segment Stone Wall x15 |
| 26:08 | eLeMBi · age_up castle |
| 26:17 | pipe4ndres · age_up castle |
| 26:24 | ig._1234321 · age_up castle |
| 26:34 | aleee_026 · age_up castle |
| 27:26 | pipe4ndres · first_building Monastery |
| 27:40 | pipe4ndres · tribute_sent a jugador 2 |
| 27:40 | pipe4ndres · tribute_sent a jugador 3 |
| 27:40 | pipe4ndres · tribute_sent a jugador 4 |
| 27:40 | pipe4ndres · tribute_sent a jugador 5 |
| 27:40 | pipe4ndres · tribute_sent a jugador 6 |
| 27:40 | pipe4ndres · tribute_sent a jugador 7 |
| 27:40 | pipe4ndres · tribute_sent a jugador 8 |
| 28:53 | Sleevy · first_building Monastery |
| 29:25 | Sleevy · first_building Castle |
| 31:45 | pipe4ndres · wall_segment Stone Wall x6 |
| 31:59 | pipe4ndres · wall_segment Stone Wall x6 |
| 32:21 | pipe4ndres · first_market_sell 100 wood |
| 32:32 | ig._1234321 · first_building Castle |
| 33:14 | pipe4ndres · first_market_buy 100 stone |
| 33:29 | pipe4ndres · first_building Castle |
| 33:54 | Broeerrr · first_market_sell 100 wood |
| 33:57 | Broeerrr · first_market_buy 100 food |
| 34:29 | aleee_026 · first_building Barracks |
| 35:14 | aleee_026 · first_building Stable |
| 35:47 | T man · tribute_sent a jugador 1 |
| 35:47 | T man · tribute_sent a jugador 2 |
| 35:47 | T man · tribute_sent a jugador 4 |
| 35:47 | T man · tribute_sent a jugador 5 |
| 35:47 | T man · tribute_sent a jugador 6 |
| 35:47 | T man · tribute_sent a jugador 7 |
| 35:47 | T man · tribute_sent a jugador 8 |
| 36:25 | Aghur III · age_up imperial |
| 36:26 | pipe4ndres · resign |
| 36:42 | aleee_026 · first_building Castle |
| 37:18 | Broeerrr · age_up imperial |
[ AI ANALYSIS · 1 CREDIT ]
What really happened in this match?
Wolo.gg analyzes every decision: build order, eco, micro, common mistakes by bracket. Personalized analysis on WhatsApp or Discord in 30 seconds.
Civ guide
Spanish
Map guide
Nomad
Perfil
Jugador #2181618